 Dungeon Crawl Stone Soup version 0.18.1-48-g4cf74bf (webtiles) character file.

98 Gargoyl the Skirmisher (level 4, -1/35 HPs)
             Began as a Demonspawn Abyssal Knight on June 30, 2016.
             Was a Believer of Lugonu.
             Slain by Crazy Yiuf
             ... wielding a +3 quarterstaff of chaos
              (2 damage)
             ... on level 3 of the Dungeon.
             The game lasted 00:03:41 (1826 turns).

Gargoyl the Skirmisher (Demonspawn Abyssal Knight)  Turns: 1826, Time: 00:03:43

Health: -1/35      AC:  8    Str: 14    XL:     4   Next: 43%
Magic:  6/6        EV:  9    Int: 13    God:    Lugonu [**....]
Gold:   146        SH:  0    Dex: 12    Spells: 0 memorised, 3 levels left

rFire  . . .     SeeInvis .     a - +2 hand axe
rCold  + . .     Gourm    .     d - +2 scale mail {rC+}
rNeg   . . .     Faith    .     (no shield)
rPois  .         Spirit   .     (helmet restricted)
rElec  .         Dismiss  .     (no cloak)
rCorr  .         Reflect  .     (no gloves)
SustAt .         Harm     .     (no boots)
MR     .....                    e - amulet of rage
Stlth  ..........               (no ring)
                                (no ring)

@: lethally poisoned (-1 -> -14), not resistant to hostile enchantments,
extremely unstealthy
A: hooves 1, horns 1
a: Depart the Abyss, Bend Space, Renounce Religion, Evoke Berserk Rage


You were on level 3 of the Dungeon.
You worshipped Lugonu.
Lugonu was pleased with you.
You were not hungry.

You visited 1 branch of the dungeon, and saw 3 of its levels.
You visited the Abyss 1 time.

You collected 146 gold pieces.

Inventory:

Hand Weapons
 a - a +2 hand axe (weapon)
Armour
 d - a +2 scale mail of cold resistance (worn)
Jewellery
 e - an amulet of rage (around neck)
Wands
 s - a wand of lightning (9/15)
Scrolls
 b - 2 scrolls of teleportation
 j - a scroll of enchant weapon
 l - a scroll of remove curse
 m - a scroll of enchant armour {unknown}
 o - 2 scrolls of blinking {unknown}
 r - 2 scrolls of identify {unknown}
Potions
 g - 2 potions of curing {unknown}
 k - 2 potions of cancellation {unknown}
 p - a potion of agility {unknown}
 q - 2 potions of haste {unknown}
 t - a potion of heal wounds {unknown}
Comestibles
 c - 2 bread rations
 f - 4 fruits
 n - 2 slices of pizza
 u - a meat ration
 v - a royal jelly


   Skills:
 + Level 3.5 Fighting
 + Level 2.1 Axes
 * Level 3.1 Armour
 + Level 1.8 Dodging
 + Level 2.7 Invocations


You had 3 spell levels left.
You didn't know any spells.

Dungeon Overview and Level Annotations

Branches:
Dungeon (3/15)

Altars:
Makhleb

Annotations:
D:3 Crazy Yiuf


Innate Abilities, Weirdness & Mutations

You have large cloven feet.
You have a pair of small horns on your head.


Message History

Crazy Yiuf says, "Action Hive arm!"
Crazy Yiuf hits you with a quarterstaff of chaos.
You are electrocuted!
You closely miss Crazy Yiuf. Your kick misses Crazy Yiuf.
You headbutt Crazy Yiuf.
Crazy Yiuf is moderately wounded.
Crazy Yiuf hits you with a quarterstaff of chaos!
* * * LOW HITPOINT WARNING * * *
You are lethally poisoned!
You hit Crazy Yiuf. Your kick misses Crazy Yiuf.
Crazy Yiuf is heavily wounded.
* * * LOW HITPOINT WARNING * * *
You feel sick. Crazy Yiuf hits you but does no damage.
You hit Crazy Yiuf.
Crazy Yiuf is heavily wounded.
* * * LOW HITPOINT WARNING * * *
You feel sick.
Crazy Yiuf hits you with a quarterstaff of chaos.
* * * LOW HITPOINT WARNING * * *
You die...

#....†'....##.........#'#####(
#.....####.###.....####..# #.
###..## ### ###########'####.
#..#### #.......##. #.....#
##### #.......##. #.#####
#..)# #.......##. #.# #...#
#...)...##. ###.# #.g.#
#.......##. #...##### #@#
#######.##. #...<...# ##.#
#..#. #...##### #.## ##.#.
#...'...# ##.# #... #...#####
#.## ..######.. ###.# ##.##
.........> #.# #...##
....###### ##.##### #....# .
##### #......# #....# .(...


You could see Crazy Yiuf.

Vanquished Creatures
  2 adders
  An ooze (D:1)
  A worm (D:2)
  5 dart slugs
  3 giant geckos
  A ball python (D:3)
  3 bats
  3 giant cockroaches
  8 goblins
  7 hobgoblins
  8 jackals (D:1)
  6 kobolds
  2 quokkas
  2 rats (D:1)
52 creatures vanquished.

Notes
Turn   | Place    | Note
--------------------------------------------------------------
     0 | Abyss:1  | Gargoyl the Demonspawn Abyssal Knight began the quest for the Orb.
     0 | Abyss:1  | Reached XP level 1. HP: 18/18 MP: 2/2
    14 | Abyss:2  | Found a corrupted altar of Lugonu.
    27 | Abyss:2  | Found a corrupted altar of Lugonu.
    41 | Abyss:2  | Noticed a large abomination
    67 | Abyss:2  | Noticed a large abomination
    69 | D:1      | Escaped the Abyss
   217 | D:1      | Reached * piety under Lugonu
   219 | D:1      | Gained mutation: You have large cloven feet. [demonic ancestry]
   219 | D:1      | Reached XP level 2. HP: 19/24 MP: 3/3
   384 | D:1      | Reached skill level 1 in Dodging
   496 | D:1      | Reached XP level 3. HP: 29/29 MP: 4/4
  1135 | D:2      | Reached ** piety under Lugonu
  1202 | D:2      | Gained mutation: You have a pair of small horns on your head. [demonic ancestry]
  1202 | D:2      | Reached XP level 4. HP: 30/35 MP: 6/6
  1531 | D:3      | Found a faded altar to an unknown god.
  1724 | D:3      | Found a burning altar of Makhleb.
  1821 | D:3      | Noticed Crazy Yiuf
  1826 | D:3      | HP: 1/35 [Crazy Yiuf/quarterstaff of chaos (5)]
  1826 | D:3      | Slain by Crazy Yiuf

Skill      XL: |  1  2  3  4 |
---------------+-------------+-----
Armour         | 2 3 |  3.1
Dodging        | 1 |  1.8
Axes           | 2 |  2.1
Fighting       | |  3.5
Invocations    | |  2.7

Action                   |  1- 3 |  4- 6 || total
-------------------------+-------+-------++-------
Melee: Hand axe          |   128 |    41 ||   169
       Kick              |    28 |     8 ||    36
       Headbutt          |       |     6 ||     6
Invok: Depart the Abyss  |     1 |       ||     1
  Use: Scroll            |       |     5 ||     5
  Eat: Chunk             |     1 |     2 ||     3
Armor: Scale mail        |    87 |    22 ||   109
Dodge: Dodged            |    98 |    22 ||   120
